 Dungeon Crawl Stone Soup version 0.19.5 (webtiles) character file.

3165 tof the Cleaver (level 9, -8/85 HPs)
             Began as a Minotaur Berserker on Mar 9, 2017.
             Was an Elder of Trog.
             Killed from afar by an electric eel (15 damage)
             ... with a bolt of electricity
             ... on level 8 of the Dungeon.
             The game lasted 00:13:43 (6394 turns).

tof the Cleaver (Minotaur Berserker)                Turns: 6394, Time: 00:13:45

Health: -8/85      AC:  4    Str: 26    XL:     9   Next: 63%
Magic:  8/8        EV: 12    Int:  4    God:    Trog [****..]
Gold:   0          SH:  0    Dex: 13    Spells: 0 memorised, 8 levels left

rFire  + + .     SeeInvis .     m - +1 war axe (flame)
rCold  + . .     Gourm    .     G - +1 ring mail {rF+}
rNeg   . . .     Faith    .     (no shield)
rPois  +         Spirit   .     z - +0 hat
rElec  .         Reflect  .     (no cloak)
rCorr  .         Harm     .     (no gloves)
MR     .....                    q - +0 pair of boots
Stlth  +.........               i - amulet of regeneration
                                I - ring of poison resistance
                                y - ring of the Philosopher {rF+ rC+ MR- Str+4}

@: exhausted, about to teleport, corroded, slowed, very slow
A: retaliatory headbutt, horns 2
a: Berserk, Trog's Hand, Brothers in Arms, Burn Spellbooks, Renounce Religion


You were on level 8 of the Dungeon.
You worshipped Trog.
Trog was greatly pleased with you.
You were hungry.

You visited 1 branch of the dungeon, and saw 8 of its levels.

Inventory:

Hand Weapons
 m - a +1 war axe of flaming (weapon)
Armour
 q - a +0 pair of boots (worn)
 z - a +0 hat (worn)
 G - a +1 ring mail of fire resistance (worn)
Jewellery
 i - an amulet of regeneration (around neck)
 y - the ring of the Philosopher (left hand) {rF+ rC+ MR- Str+4}
   (You found it on level 4 of the Dungeon)

   [ring of protection from fire]

   It affects your strength (+4).
   It protects you from fire.
   It protects you from cold.
   It affects your resistance to hostile enchantments.
 I - a ring of poison resistance (right hand)
Wands
 J - a wand of confusion (27/48)
Scrolls
 e - a scroll of enchant armour
 g - 4 scrolls of remove curse
 k - 2 scrolls of teleportation
 l - 3 scrolls of identify
 n - 2 scrolls of blinking
 w - a scroll of fog
 B - 5 scrolls of recharging
Potions
 b - 2 potions of curing {unknown}
 d - a potion of magic {unknown}
 j - a potion of brilliance {unknown}
 o - a potion of lignification {unknown}
 p - a potion of might {unknown}
 s - 2 potions of heal wounds
 t - 2 potions of mutation {unknown}
 x - 2 potions of agility {unknown}
 D - a potion of invisibility {unknown}
 F - a potion of cure mutation {unknown}
 H - a potion of degeneration {unknown}
Books
 A - a book of Cantrips

   Spells                             Type                      Level
   a - Confusing Touch                Hexes                        1
   b - Animate Skeleton               Necromancy                   1
   c - Summon Small Mammal            Summoning                    1
   d - Apportation                    Translocation                1
   Trog disapproves of the use of such an item.
Comestibles
 c - 5 bread rations
 f - a beef jerky
 h - 2 royal jellies
 r - 5 fruits
 u - 2 meat rations
 C - a chunk of flesh


   Skills:
 + Level 9.7 Fighting
 * Level 12.8 Axes
   Level 0.0(8.3) Maces & Flails
 + Level 4.1 Armour
 + Level 3.5 Dodging


You had 8 spell levels left.
You didn't know any spells.

Dungeon Overview and Level Annotations

Branches:
Dungeon (8/15)             Temple (0/1) D:7
   Lair: D:8-11

Altars:
Elyvilon
Okawaru
Sif Muna

Annotations:
D:8 Fairytaker's ghost, novice DDFi; Maurice


Innate Abilities, Weirdness & Mutations

You reflexively headbutt those who attack you in melee.
You have a pair of horns on your head.


Message History

As you read the scroll of teleportation, it crumbles to dust.
You feel strangely unstable.
You hear a zap.
A bolt of acid appears from out of thin air!
The bolt of acid misses you.
Fairytaker's ghost (novice Deep Dwarf Fighter) comes into view.
It was a potion of heal wounds.
You feel much better.
Fairytaker's ghost turns its malevolent gaze towards you.
Something hits you.
* * * LOW HITPOINT WARNING * * *
Something steals your +0 hand axe!
The electric eel shoots out a bolt of lightning at you!
The bolt of electricity hits you!
* * * LOW HITPOINT WARNING * * *
Something hits you.
* * * LOW HITPOINT WARNING * * *
Something steals all your gold!
The electric eel shoots out a bolt of lightning at you!
The bolt of electricity hits you!
You die...

....... #.#....<#.# .......
#.#.##..#.# ≈.≈....
#.#.##..#.# ≈.≈≈.W.
###.........######
≈.≈≈≈..###........###.....#
≈≈≈≈;......##.....###.....#
≈≈≈≈;.........#...........#
≈≈≈†......[#..#.#.###.....#
≈hh≈...###@#.....## #.....#
≈.hh;.. #.{....## #######
..h≈≈.. ###..#.# ...≈≈≈.
#....# .≈h≈≈.. .......#
(.≈≈≈.l ..##.##.# ≈.≈≈≈≈.
... #.# .# .# #.. .. ## .


You could see 2 electric eels and Fairytaker's ghost.

Vanquished Creatures
  The ghost of Azzok the Cleaver, a novice MiGl of Okawaru (D:5)
  Grinder (D:3)
  A hippogriff (D:7)
  Sigmund (D:5)
  A black bear (D:6)
  2 orc warriors
  3 phantoms
  3 ogres
  2 wolves (D:8)
  2 centaurs
  A big kobold (D:3)
  2 bullfrogs
  2 scorpions
  A howler monkey (D:4)
  A bullfrog zombie (D:5)
  3 hounds (D:8)
  4 orc priests
  A centaur skeleton (D:4)
  An iguana (D:8)
  5 orc wizards
  4 worker ants
  A hound zombie (D:7)
  A howler monkey zombie (D:7)
  4 adders
  A howler monkey skeleton (D:7)
  A shadow imp (D:7)
  3 oozes
  2 worms (D:3)
  4 dart slugs
  7 leopard geckos
  21 orcs
  3 bats
  8 giant cockroaches
  5 hobgoblins
  4 jackals
  2 quokkas
  3 ball pythons
  4 frilled lizards
  4 goblins
  4 kobolds
  8 rats
132 creatures vanquished.

Vanquished Creatures (others)
  A jackal (D:8)
1 creature vanquished.

Grand Total: 133 creatures vanquished

Notes
Turn   | Place    | Note
-------+----------+-------------------------------------------
     0 | D:1      | tof the Minotaur Berserker began the quest for the Orb.
     0 | D:1      | Reached XP level 1. HP: 19/19 MP: 0/0
    50 | D:1      | Reached skill level 4 in Axes
   180 | D:1      | Reached XP level 2. HP: 23/27 MP: 1/1
   671 | D:1      | Reached XP level 3. HP: 33/33 MP: 2/2
   967 | D:2      | Reached skill level 5 in Axes
  1199 | D:2      | Noticed a scorpion
  1208 | D:2      | Killed a scorpion
  1208 | D:2      | Reached XP level 4. HP: 20/41 MP: 3/3
  1483 | D:2      | Found a white marble altar of Elyvilon.
  1498 | D:2      | Reached ** piety under Trog
  1882 | D:3      | Found a deep blue altar of Sif Muna.
  1901 | D:3      | Noticed a big kobold
  1914 | D:3      | Killed a big kobold
  1914 | D:3      | Reached skill level 5 in Fighting
  1914 | D:3      | Reached skill level 6 in Axes
  1914 | D:3      | Reached XP level 5. HP: 42/48 MP: 4/4
  2477 | D:3      | Noticed Grinder
  2477 | D:3      | Paralysed by Grinder for 6 turns
  2490 | D:3      | Paralysed by Grinder for 4 turns
  2502 | D:3      | Killed Grinder
  2502 | D:3      | Reached skill level 7 in Axes
  2502 | D:3      | Reached XP level 6. HP: 57/57 MP: 5/5
  2651 | D:4      | Got a clouded bronze ring
  2659 | D:4      | Reached skill level 8 in Axes
  2679 | D:4      | Reached XP level 7. HP: 61/63 MP: 6/6
  3299 | D:4      | Reached skill level 9 in Axes
  3386 | D:5      | Entered Level 5 of the Dungeon
  3406 | D:5      | Noticed Sigmund
  3411 | D:5      | Killed Sigmund
  3503 | D:5      | Found an iron altar of Okawaru.
  3741 | D:5      | Reached XP level 8. HP: 43/73 MP: 7/7
  3746 | D:5      | Reached skill level 10 in Axes
  3768 | D:5      | Noticed Azzok's ghost (novice MiGl)
  4046 | D:5      | Killed Azzok's ghost
  4046 | D:5      | Reached *** piety under Trog
  4046 | D:5      | Reached skill level 11 in Axes
  4676 | D:6      | Reached XP level 9. HP: 62/82 MP: 8/8
  4754 | D:6      | Reached skill level 12 in Axes
  5315 | D:7      | Identified the ring of the Philosopher {rF+ rC+ MR- Str+4} (You found it on level 4 of the Dungeon)
  6000 | D:7      | Found a staircase to the Ecumenical Temple.
  6271 | D:7      | Reached **** piety under Trog
  6375 | D:8      | Noticed Maurice
  6394 | D:8      | Noticed Fairytaker's ghost (novice DDFi)
  6394 | D:8      | Killed from afar by an electric eel

Skill      XL: |  1  2  3  4  5  6  7  8  9 |
---------------+----------------------------+-----
Axes           | 4 5 6 7 8 9 11 12 | 12.8
Fighting       | 4 5 6 7 8 9 |  9.7
Armour         | 4 |  4.1
Dodging        | 3 |  3.5

Action                   |  1- 3 |  4- 6 |  7- 9 || total
-------------------------+-------+-------+-------++-------
Melee: Hand axe          |    62 |    82 |   157 ||   301
       Headbutt          |    10 |    17 |    41 ||    68
       War axe           |       |       |    90 ||    90
Invok: Berserk           |       |     1 |     3 ||     4
  Use: Scroll            |       |       |    12 ||    12
       Potion            |       |       |     1 ||     1
  Eat: Chunk             |     1 |     5 |    13 ||    19
       Fruit             |       |     1 |       ||     1
Armor: Animal skin       |     5 |       |       ||     5
       Scale mail        |     6 |       |       ||     6
       Chain mail        |    17 |    43 |    59 ||   119
       Ring mail         |       |       |    19 ||    19
Dodge: Dodged            |    30 |    23 |    90 ||   143
